 Dungeon Crawl Stone Soup version 0.22.0-18-ge075c0d (webtiles) character file.

1306 AverageBear the Nimble (level 8, -3/45 HPs)
             Began as a Deep Elf Fighter on Aug 18, 2018.
             Slain by an ogre
             ... wielding a +0 giant club
              (14 damage)
             ... on level 5 of the Dungeon.
             The game lasted 00:04:15 (3467 turns).

AverageBear the Nimble (Deep Elf Fighter)           Turns: 3467, Time: 00:04:16

Health: -3/45      AC:  9    Str: 15    XL:     8   Next: 32%
Magic:  10/10      EV: 11    Int: 19    God:
Gold:   215        SH:  9    Dex: 14    Spells: 7/7 levels left

rFire    . . .     SeeInvis .   a - +1 rapier
rCold    . . .     Gourm    .   c - +0 shield
rNeg     . . .     Faith    .   b - +0 scale mail
rPois    .         Spirit   .   (no helmet)
rElec    .         Reflect  .   (no cloak)
rCorr    .         Harm     .   k - +2 pair of gloves {archery}
MR       .....                  (no boots)
Stlth    ..........             (no amulet)
HPRegen  0.15/turn              n - +5 ring of intelligence
MPRegen  0.12/turn              (no ring)

@: no status effects
A: no striking features
a: no special abilities


You were on level 5 of the Dungeon.
You were very hungry.

You visited 1 branch of the dungeon, and saw 5 of its levels.

You collected 215 gold pieces.

Inventory:

Hand Weapons
 a - a +1 rapier (weapon)
 x - a +0 dagger of venom
Armour
 b - a +0 scale mail (worn)
 c - a +0 shield (worn)
 k - a +2 pair of gloves of archery (worn)
Jewellery
 n - a +5 ring of intelligence (left hand)
Wands
 r - a wand of digging (26)
Scrolls
 d - a scroll of fog
 g - a scroll of teleportation
 i - 2 scrolls of amnesia
 q - 2 scrolls of remove curse
 u - a scroll of blinking {unknown}
 v - a scroll of magic mapping
 A - a scroll of enchant weapon
Potions
 e - a potion of degeneration {unknown}
 j - a potion of haste {unknown}
 l - a potion of curing {unknown}
 m - a potion of invisibility {unknown}
 o - a potion of agility {unknown}
 p - 3 potions of heal wounds {unknown}
 z - a potion of lignification {unknown}
Comestibles
 f - 7 rations


   Skills:
 - Level 2.4 Fighting
 - Level 7.1 Short Blades
 - Level 2.4 Armour
 - Level 8.0 Dodging
 + Level 3.5 Shields


You had 7 spell levels left.
You didn't know any spells.
Your spell library was empty.

Dungeon Overview and Level Annotations

Branches:
Dungeon (5/15)
 Temple: D:4-7

Altars:
Hepliaklqana
Ru
Trog

Annotations:
D:5 2 transporters, CabbageHands's ghost, amateur DsGl


Message History

You are too injured to fight recklessly!
You are too injured to fight recklessly!
You are too injured to fight recklessly!
You are too injured to fight recklessly!
You are too injured to fight recklessly!
You completely miss the ogre.
The ogre is severely wounded.
Your shield and scale mail prevent you from hitting the ogre.
The ogre is severely wounded.
The ogre hits you with a giant club!
* * * LOW HITPOINT WARNING * * *
You hit the ogre but do no damage.
The ogre is severely wounded.
You block the ogre's attack.
You hit the ogre.
The ogre is almost dead.
You hit the ogre but do no damage.
The ogre is almost dead.
The ogre hits you with a giant club!
You die...

#..... ..©# =.© #....
+..... ... .#...#.#....
#.....###.## ....#.##....
.........#..#.#...#.....
#.......#..#5#...#.....
#.......##.......#....#
####........###.W5###....#
..............#####.......
........O@................
....)#####................
.... #............#### ...
#............#
#............#
######.......# #########


You could see an ogre.

Vanquished Creatures
  Pikel (D:4)
  Menkaure (D:4)
  An ice beast (D:5)
  2 slaves (D:4)
  A phantom (D:4)
  2 hounds
  4 orc priests
  A bullfrog skeleton (D:4)
  Jessica (D:2)
  An iguana (D:4)
  4 worker ants
  7 adders
  2 oozes
  An adder skeleton (D:4)
  A dart slug (D:2)
  3 leopard geckos
  9 orcs
  7 bats
  2 giant cockroaches
  8 goblins
  8 hobgoblins
  8 jackals
  4 quokkas
  A ball python (D:1)
  6 frilled lizards
  4 kobolds
  11 rats
101 creatures vanquished.

Notes
Turn   | Place    | Note
-------+----------+-------------------------------------------
     0 | D:1      | AverageBear the Deep Elf Fighter began the quest for the Orb.
     0 | D:1      | Reached XP level 1. HP: 13/13 MP: 3/3
   152 | D:1      | Reached XP level 2. HP: 16/18 MP: 4/4
   488 | D:2      | Reached XP level 3. HP: 22/22 MP: 5/5
   496 | D:2      | Noticed Jessica
   500 | D:2      | Killed Jessica
   552 | D:2      | Reached XP level 4. HP: 17/27 MP: 6/6
   750 | D:2      | Reached skill level 5 in Short Blades
   803 | D:2      | Found a sacrificial altar of Ru.
   898 | D:2      | Found a bloodstained altar of Trog.
   996 | D:2      | Reached XP level 5. HP: 26/31 MP: 7/7
  1776 | D:3      | Reached XP level 6. HP: 27/36 MP: 8/8
  2007 | D:3      | Found a hazy altar of Hepliaklqana.
  2073 | D:4      | Noticed Menkaure
  2080 | D:4      | Killed Menkaure
  2101 | D:4      | Reached skill level 1 in Dodging
  2137 | D:4      | Reached skill level 2 in Dodging
  2559 | D:4      | Reached skill level 3 in Dodging
  2559 | D:4      | Reached XP level 7. HP: 32/40 MP: 9/9
  2614 | D:4      | Reached skill level 4 in Dodging
  2751 | D:4      | Noticed Pikel
  2780 | D:4      | Killed Pikel
  2780 | D:4      | Reached skill level 7 in Dodging
  2780 | D:4      | Reached XP level 8. HP: 31/45 MP: 10/10
  2908 | D:4      | Reached skill level 8 in Dodging
  3120 | D:5      | Entered Level 5 of the Dungeon
  3207 | D:5      | Found a transporter.
  3423 | D:5      | Noticed CabbageHands's ghost (amateur DsGl)
  3444 | D:5      | Found a transporter.
  3467 | D:5      | Slain by an ogre

Skill      XL: |  1  2  3  4  5  6  7  8 |
---------------+-------------------------+-----
Short Blades   | 3 4 5 6 7 |  7.1
Dodging        | 3 7 8 |  8.0
Shields        | 3 |  3.5
Fighting       | |  2.4
Armour         | |  2.4

Action                   |  1- 3 |  4- 6 |  7- 9 || total
-------------------------+-------+-------+-------++-------
Melee: Rapier            |    77 |   154 |   152 ||   383
  Use: Scroll            |     2 |     1 |     6 ||     9
       Potion            |       |     2 |     1 ||     3
  Eat: Chunk             |       |     3 |     1 ||     4
       Ration            |       |     1 |       ||     1
Armor: Scale mail        |    24 |    58 |    33 ||   115
Dodge: Dodged            |    15 |    39 |    48 ||   102
Block: Shield            |    47 |    53 |    60 ||   160
